 Dungeon Sprint DCSS version 0.22.0-13-g43fe8f2 (webtiles) character file.

13500000 poirepourri the Middleweight Champion (level 27, -83/273 HPs)
             Began as a Ghoul Gladiator on Aug 16, 2018.
             Was the Champion of Makhleb.
             Annihilated by a fleshlord
             ... wielding a +9 great mace
              (108 damage)
             ... in the Dungeon (Sprint VIII: "Arena of Blood").
             The game lasted 00:03:19 (135 turns).

poirepourri the Middleweight Champion (GhGl)         Turns: 135, Time: 00:03:20

Health: -83/273    AC:  8    Str: 22    XL:     27
Magic:  49/53      EV: 34    Int:  3    God:    Makhleb [******]
Gold:   0          SH:  0    Dex: 19    Spells: 80/80 levels left

rFire    . . .     SeeInvis .   k - +∞ Axe of Woe
rCold    + . .     Gourm    .   (shield currently unavailable)
rNeg     + + +     Faith    .   a - +0 leather armour
rPois    ∞         Spirit   .   b - +0 helmet
rElec    .         Reflect  .   (no cloak)
rCorr    .         Harm     .   (no gloves)
MR       ++...     NoTele   +   (no boots)
Stlth    +++++++++.             (no amulet)
HPRegen  0.00/turn              (no ring)
MPRegen  0.33/turn              (no ring)

@: rotting
A: rotting body, claws 1, carnivore, cold resistance 1, negative energy
resistance 3, inhibited regeneration, torment resistance, unbreathing
a: Minor Destruction, Lesser Servant of Makhleb, Major Destruction, Greater
Servant of Makhleb, Renounce Religion


You were in the Dungeon.
You worshipped Makhleb.
Makhleb was exalted by your worship.
You were not hungry.

You visited 1 branch

Inventory:

Hand Weapons
 k - the +∞ Axe of Woe (weapon)
   (You found it in the Dungeon)
Missiles
 c - 3 throwing nets (quivered)
Armour
 a - a +0 leather armour (worn)
 b - a +0 helmet (worn)
Scrolls
 j - a scroll of blinking
Potions
 e - a potion of curing
 f - a potion of heal wounds
 g - a potion of haste
 h - 2 potions of magic
 i - a potion of berserk rage
Comestibles
 d - a ration


   Skills:
 O Level 27 Fighting
 O Level 27 Axes
 O Level 27 Throwing
 O Level 27 Armour
 O Level 27 Dodging
 O Level 27 Stealth
 O Level 27 Unarmed Combat
 O Level 27 Spellcasting
 O Level 27 Invocations


You had 80 spell levels left.
You didn't know any spells.
Your spell library was empty.

Dungeon Overview and Level Annotations

Branches:
Dungeon (1/1)

Altars:
Makhleb

Annotations:
D The Servant


Innate Abilities, Weirdness & Mutations

Your body is rotting away.
You thrive on raw meat.
You are immune to poison.
You have sharp fingernails.
You are carnivorous and can eat meat at any time.
Your flesh is cold resistant. (rC+)
You are immune to negative energy. (rN+++)
You do not regenerate when monsters are visible.
You are immune to unholy pain and torment.
You can survive without breathing.


Message History

Makhleb accepts your kill.
You feel better.
You hit the scourge.
You butcher the scourge messily.
You kill the scourge!
Makhleb accepts your kill.
You hear a shout! x2
The scourge appears out of thin air!
A scourge comes into view.
A bag of meat comes into view. It is wielding a +9 war axe.
The accursed is engulfed in blazing flames.
You hear a shout! x2
You hear a shout! x4
The accursed is engulfed in blazing flames.
The accursed hits you!!
The Servant is engulfed in blazing flames.
The Servant hits you from afar with a +9 glaive of flaming!!!!
* * * LOW HITPOINT WARNING * * *
The Servant burns you!!
* * * LOW HITPOINT WARNING * * *
The fleshlord hits you with a +9 great mace!!!!
You die...

...... ..# ##..... ....
....... .... #.#......
..... .........####.....
.......................
............@)o......#.
.....§.o...Lop@).......
...........W§M§).%...#.
#.......#...S.).......
#.......#.))))...%..##
.###....)%)###)))........
......###.)%))))))....###
......._.))%))%.))%.....
....#.....#.)%))).#.#....
. #_.<._#..%...........


You could see an accursed, a tyrant, The Servant, a scourge (wandering), a
fleshlord, a dread and 3 bags of meat.

Vanquished Creatures
  4 hell knights (D)
  9 hell beasts (D)
  7 greater mummies (D)
  5 great orbs of eyes (D)
  5 wraiths (D)
  16 vampire knights (D)
  33 ogres (D)
  6 two-headed ogres (D)
  8 liches (D)
  3 hydras (D)
  99 orcs (D)
  5 phantoms (D)
  7 skeletal warriors (D)
  5 sea snakes (D)
  12 large abominations (D)
  11 small abominations (D)
  12 crawling corpses (D)
247 creatures vanquished.

Vanquished Creatures (others)
  5 crawling corpses (D)
5 creatures vanquished.

Grand Total: 252 creatures vanquished

Notes
Turn   | Place    | Note
-------+----------+-------------------------------------------
     0 | D        | Found the +∞ Axe of Woe
     0 | D        | poirepourri the Ghoul Gladiator began the quest for the Orb.
     0 | D        | Reached XP level 1. HP: 17/17 MP: 0/0
     2 | D        | Noticed a bag of meat
     4 | D        | Became a worshipper of Makhleb the Destroyer
     5 | D        | Noticed a bag of meat
     6 | D        | Noticed a bag of meat
     6 | D        | Noticed a bag of meat
     7 | D        | Noticed a bag of meat
     8 | D        | Killed a bag of meat
     8 | D        | Reached XP level 2. HP: 40/40 MP: 1/1
     8 | D        | Reached XP level 3. HP: 47/47 MP: 2/2
     8 | D        | Reached XP level 4. HP: 55/55 MP: 3/3
     8 | D        | Reached XP level 5. HP: 61/61 MP: 4/4
     8 | D        | Reached XP level 6. HP: 68/68 MP: 5/5
     8 | D        | Reached XP level 7. HP: 74/74 MP: 6/6
     8 | D        | Reached XP level 8. HP: 82/82 MP: 7/7
     8 | D        | Reached XP level 9. HP: 89/89 MP: 8/8
     8 | D        | Reached XP level 10. HP: 96/96 MP: 9/9
     8 | D        | Reached XP level 11. HP: 102/102 MP: 10/10
     8 | D        | Reached XP level 12. HP: 110/110 MP: 11/11
     8 | D        | Killed a bag of meat
     8 | D        | Reached * piety under Makhleb
     8 | D        | Reached XP level 13. HP: 119/119 MP: 12/12
     8 | D        | Noticed a meat berserker
     8 | D        | Noticed a meat berserker
     8 | D        | Noticed a meat berserker
     9 | D        | Killed a bag of meat
     9 | D        | Reached XP level 14. HP: 129/129 MP: 13/13
     9 | D        | Noticed a meat berserker
    10 | D        | Killed a bag of meat
    10 | D        | Killed a meat berserker
    10 | D        | Reached ** piety under Makhleb
    10 | D        | Reached skill level 15 in Fighting
    10 | D        | Reached XP level 15. HP: 139/143 MP: 14/14
    10 | D        | Noticed a meat berserker
    10 | D        | Noticed a meat berserker
    11 | D        | Reached skill level 27 in Unarmed Combat
    11 | D        | Reached XP level 16. HP: 41/154 MP: 15/15
    11 | D        | Killed a meat berserker
    11 | D        | Reached skill level 15 in Throwing
    11 | D        | Killed a meat berserker
    11 | D        | Reached *** piety under Makhleb
    11 | D        | Reached skill level 27 in Dodging
    11 | D        | Reached XP level 17. HP: 109/173 MP: 16/16
    11 | D        | Killed a meat berserker
    11 | D        | Reached XP level 18. HP: 120/190 MP: 17/17
    12 | D        | Noticed a meat berserker
    12 | D        | Noticed a meat berserker
    13 | D        | Reached skill level 10 in Armour
    14 | D        | Killed a meat berserker
    14 | D        | Reached **** piety under Makhleb
    14 | D        | Killed a meat berserker
    14 | D        | Reached skill level 27 in Fighting
    14 | D        | Reached XP level 19. HP: 207/207 MP: 18/18
    14 | D        | Killed a meat berserker
    14 | D        | Noticed a meat berserker
    14 | D        | Noticed a meat berserker
    15 | D        | Reached skill level 27 in Axes
    15 | D        | Reached skill level 15 in Armour
    16 | D        | Reached ***** piety under Makhleb
    16 | D        | Reached skill level 27 in Throwing
    16 | D        | Reached XP level 20. HP: 216/216 MP: 19/19
    16 | D        | Killed a meat berserker
    17 | D        | Noticed a destroyer
    18 | D        | Killed a meat berserker
    18 | D        | Reached skill level 27 in Armour
    18 | D        | Reached XP level 21. HP: 180/224 MP: 20/20
    20 | D        | Killed a meat berserker
    20 | D        | Killed a destroyer
    20 | D        | Reached XP level 22. HP: 233/233 MP: 20/41
    21 | D        | Reached ****** piety under Makhleb
    23 | D        | Noticed a destroyer
    23 | D        | Noticed a destroyer
    24 | D        | Reached skill level 27 in Stealth
    24 | D        | Killed a destroyer
    24 | D        | Reached skill level 27 in Invocations
    24 | D        | Reached XP level 23. HP: 240/240 MP: 21/51
    25 | D        | Noticed a destroyer
    26 | D        | Reached skill level 27 in Spellcasting
    27 | D        | Noticed a large bag of meat
    27 | D        | Noticed a large bag of meat
    28 | D        | Killed a destroyer
    29 | D        | Reached XP level 24. HP: 249/249 MP: 22/53
    32 | D        | Killed a destroyer
    32 | D        | Reached XP level 25. HP: 257/257 MP: 23/53
    35 | D        | Killed a large bag of meat
    35 | D        | Reached XP level 26. HP: 252/266 MP: 24/53
    36 | D        | Noticed a destroyer
    37 | D        | Reached XP level 27. HP: 273/273 MP: 24/53
    38 | D        | Noticed a destroyer
    38 | D        | Noticed a destroyer
    39 | D        | Killed a destroyer
    39 | D        | Noticed a destroyer
    39 | D        | Noticed a destroyer
    41 | D        | Killed a large bag of meat
    41 | D        | Noticed a destroyer
    42 | D        | Killed a destroyer
    42 | D        | Noticed a destroyer
    48 | D        | Killed a destroyer
    48 | D        | Killed a destroyer
    50 | D        | Killed a destroyer
    51 | D        | Noticed a tyrant
    53 | D        | Killed a destroyer
    54 | D        | Noticed an accursed
    54 | D        | Noticed a destroyer
    56 | D        | Noticed a tyrant
    57 | D        | Noticed an accursed
    58 | D        | Killed a tyrant
    59 | D        | Noticed a tyrant
    59 | D        | Noticed an accursed
    59 | D        | Noticed a dread
    60 | D        | Killed a dread
    60 | D        | Noticed a destroyer
    61 | D        | Noticed a destroyer
    61 | D        | Noticed an accursed
    61 | D        | Noticed a large bag of meat
    62 | D        | Killed an accursed
    64 | D        | Killed a destroyer
    66 | D        | Killed a tyrant
    66 | D        | Killed a destroyer
    66 | D        | Noticed a meat beast
    66 | D        | Noticed a large bag of meat
    68 | D        | Killed an accursed
    70 | D        | Noticed a dread
    71 | D        | Killed a meat beast
    72 | D        | Killed a dread
    72 | D        | Killed a destroyer
    72 | D        | Noticed a dread
    73 | D        | Killed a tyrant
    73 | D        | Killed an accursed
    73 | D        | Killed a large bag of meat
    75 | D        | Noticed a meat beast
    76 | D        | Killed a large bag of meat
    79 | D        | Noticed a dread
    79 | D        | Noticed an accursed
    79 | D        | Noticed a destroyer
    79 | D        | Noticed a destroyer
    80 | D        | Killed a dread
    80 | D        | Noticed a large bag of meat
    81 | D        | Killed a meat beast
    81 | D        | Noticed a meat beast
    81 | D        | Noticed a meat beast
    82 | D        | Killed a destroyer
    83 | D        | Killed a destroyer
    83 | D        | Noticed a meat beast
    85 | D        | Killed a meat beast
    85 | D        | Noticed a meat beast
    86 | D        | Killed a meat beast
    87 | D        | Noticed an accursed
    87 | D        | Noticed an accursed
    88 | D        | Killed a meat beast
    91 | D        | Killed a meat beast
    91 | D        | Noticed a tyrant
    92 | D        | Killed a large bag of meat
    92 | D        | Killed an accursed
    92 | D        | Killed a dread
    92 | D        | Killed an accursed
    95 | D        | Killed a destroyer
    97 | D        | Killed an accursed
    97 | D        | Noticed a tyrant
   102 | D        | Noticed a meat beast
   105 | D        | Killed a tyrant
   106 | D        | Noticed a tyrant
   107 | D        | Killed an accursed
   109 | D        | Killed a tyrant
   111 | D        | Noticed a tyrant
   113 | D        | Killed a tyrant
   113 | D        | Killed a meat beast
   113 | D        | Noticed a meat beast
   113 | D        | Noticed a tyrant
   114 | D        | Noticed a meat beast
   115 | D        | Noticed The Servant
   117 | D        | Killed a meat beast
   117 | D        | Noticed a fleshlord
   117 | D        | Noticed a dread
   119 | D        | Killed a meat beast
   119 | D        | Killed a tyrant
   119 | D        | Noticed a large bag of meat
   120 | D        | Noticed a fleshlord
   122 | D        | Noticed an accursed
   122 | D        | Noticed a fleshlord
   125 | D        | Noticed a fleshlord
   126 | D        | Killed a fleshlord
   126 | D        | Killed a tyrant
   126 | D        | Killed a dread
   126 | D        | Killed a large bag of meat
   126 | D        | Noticed a fleshlord
   127 | D        | Killed a fleshlord
   128 | D        | Noticed a dread
   131 | D        | Killed a fleshlord
   131 | D        | Noticed a tyrant
   132 | D        | Killed a fleshlord
   135 | D        | Annihilated by a fleshlord

Skill      XL: |  1  2  3  4  5  6  7  8  9 10 11 12 13 14 15 16 17 18 19 20 21 22 23 |
---------------+----------------------------------------------------------------------+-----
Fighting       | 11 12 13 15 16 21 23 27 | 27.0
Throwing       | 9 11 13 14 18 19 23 27 | 27.0
Dodging        | 16 18 20 23 24 27 | 27.0
Unarmed Combat | 19 21 23 26 27 | 27.0
Axes           | 2 7 8 14 17 23 27 | 27.0
Armour         | 2 7 9 13 17 27 | 27.0
Stealth        | 22 27 | 27.0
Spellcasting   | 16 25 27 | 27.0
Invocations    | 20 27 | 27.0

Action                   |  1- 3 |  4- 6 |  7- 9 | 10-12 | 13-15 | 16-18 | 19-21 | 22-24 | 25-27 || total
-------------------------+-------+-------+-------+-------+-------+-------+-------+-------+-------++-------
Melee: Executioner's axe |     1 |       |       |       |     3 |     2 |     5 |     7 |    81 ||    99
Invok: Greater Servant o |       |       |       |       |       |       |       |       |     3 ||     3
Armor: Leather armour    |       |       |       |       |       |       |       |       |     1 ||     1
Dodge: Dodged            |       |       |       |       |     2 |       |       |       |    12 ||    14
